 Dungeon Crawl Stone Soup version 0.27.1 (webtiles) character file.

Game seed: 15412868899331712147

155 Thatpatchoflichen the Chiller (level 5, -2/41 HPs)
             Began as a Draconian Ice Elementalist on Aug 28, 2021.
             Slain by a wyvern skeleton (8 damage)
             ... on level 4 of the Dungeon.
             The game lasted 00:11:03 (4289 turns).

Thatpatchoflichen the Chiller (DrIE)                Turns: 4289, Time: 00:11:04

Health: -2/41      AC: 18    Str: 10    XL:     5   Next: 14%
Magic:  2/8        EV: 12    Int: 17    God:
Gold:   150        SH:  5    Dex: 11    Spells: 1/8 levels left

rFire    + . .     SeeInvis .   j - +1 dagger (protect)
rCold    . . .     Faith    .   (no shield)
rNeg     . . .     Spirit   .   (armour unavailable)
rPois    .         Reflect  +   (helmet restricted)
rElec    .         Harm     .   (no cloak)
rCorr    .         Rampage  .   (no gloves)
Will     .....                  (no boots)
Stlth    ++........             k - amulet of reflection
HPRegen  0.13/turn              o - ring of protection from fire
MPRegen  0.11/turn              (no ring)

@: ice-armoured, under a protective aura, freezing walls
A: AC +5, unfitting armour, cold-blooded
a: no special abilities


You were on level 4 of the Dungeon.
You visited 1 branch of the dungeon, and saw 4 of its levels.

You collected 150 gold pieces.

Inventory:

Hand Weapons
 j - a +1 dagger of protection (weapon)
Missiles
 d - 29 stones
 n - 4 poisoned darts
 q - 2 javelins
 r - a throwing net
Jewellery
 k - an amulet of reflection (around neck)
 o - a ring of protection from fire (left hand)
Scrolls
 a - 3 scrolls of teleportation {unknown}
 e - 5 scrolls of identify {unknown}
 f - 2 scrolls of fear {unknown}
 i - a scroll of brand weapon {unknown}
 l - a scroll of enchant armour {unknown}
 m - a scroll of enchant weapon {unknown}
 p - a scroll of magic mapping {unknown}
Potions
 b - a potion of attraction {unknown}
 c - a potion of curing {unknown}
 g - a potion of cancellation {unknown}
 h - a potion of magic {unknown}


   Skills:
 + Level 2.0 Fighting
 - Level 0.7 Short Blades
 + Level 2.0 Dodging
 - Level 1.7 Stealth
 - Level 0.2 Shields
 - Level 2.5 Unarmed Combat
 + Level 2.0 Spellcasting
 + Level 5.1 Ice Magic


You had one spell level left.
You knew the following spells:

 Your Spells              Type           Power      Damage    Failure   Level
a - Freeze                Ice            76%        1d9       2%          1
b - Frozen Ramparts       Ice            38%        1d5       7%          3
c - Ozocubu's Armour      Ice            19%        N/A       7%          3

Your spell library contained the following spells:

 Spells                   Type           Power      Damage    Failure   Level
 Static Discharge         Conj/Air       1%         N/A       28%         2
 Summon Guardian Golem    Hex/Summ       1%         N/A       50%         3
 Hailstorm                Conj/Ice       10%        3d5       56%         4
 Dispel Undead            Necr           1%         3d6       88%         4
 Sticky Flame             Conj/Fire      1%         2d3       88%         4
 Orb of Destruction       Conj           0%         N/A       100%        7
 Spellforged Servitor     Conj/Summ      0%         N/A       100%        7


Dungeon Overview and Level Annotations

Branches:
Dungeon (4/15)
 Temple: D:4-7

Altars:
Gozag

Shops:
D:4 (


Innate Abilities, Weirdness & Mutations

Your plain brown scales are hard. (AC +5)
You cannot fit into any form of body armour.
You are cold-blooded and may be slowed by cold attacks.


Message History

The wyvern skeleton bites you.
* * * LOW HITPOINT WARNING * * *
Casting: Freeze (safe; 2% risk of failure)
Confirm with . or Enter, or press ? or * to list all spells.
Casting: Frozen Ramparts (dangerous; 7% risk of failure)
Press: ? - help, Dir - look around, f - activate The walls around you are covered in ice.
The wyvern skeleton completely resists.
The wall freezes the wyvern skeleton but does no damage.
The wyvern skeleton barely misses you.
The wyvern skeleton completely resists.
The wall freezes the wyvern skeleton but does no damage.
You block the wyvern skeleton's attack.
Casting: Frozen Ramparts (dangerous; 7% risk of failure)
Confirm with . or Enter, or press ? or * to list all spells.
A film of ice covers your body!
The wyvern skeleton completely resists.
The wall freezes the wyvern skeleton but does no damage.
You block the wyvern skeleton's attack.
You barely miss the wyvern skeleton.
The wyvern skeleton is moderately damaged.
The wyvern skeleton completely resists.
The wall freezes the wyvern skeleton but does no damage.
You block the wyvern skeleton's attack.
You hit the wyvern skeleton.
The wyvern skeleton is moderately damaged.
The wyvern skeleton completely resists.
The wall freezes the wyvern skeleton but does no damage.
The wyvern skeleton barely misses you.
The wyvern skeleton completely resists.
The wall freezes the wyvern skeleton but does no damage.
The wyvern skeleton closely misses you.
You hit the wyvern skeleton.
You tail-slap the wyvern skeleton, but do no damage.
The wyvern skeleton is heavily damaged.
The wall freezes the wyvern skeleton but does no damage.
The wyvern skeleton misses you.
You hit the wyvern skeleton.
The wyvern skeleton is heavily damaged.
The wyvern skeleton completely resists.
The wall freezes the wyvern skeleton but does no damage.
The wyvern skeleton bites you!
You die...

#.# #.# #.# #.#
#.# #.# ## #.# #.#
#.# .# #.# #.# #.#
.# #.# #.# #.#
.##########.# #.#
#.# ............#
#.# #.#
.###############.#
#.# .# #.....Z@#
#.# .# #.#######
#.# .. #.#
########### #.#
..........# #.#
#########.# #.#
#.# #.# #.# #.#
#.# #.#


You could see a wyvern skeleton.

Vanquished Creatures
  A hound skeleton (D:4)
  A howler monkey skeleton (D:3)
  4 adders (D:2)
  2 worms (D:2)
  6 dart slugs
  6 orcs
  11 ball pythons
  2 bats
  4 endoplasms
  A giant cockroach (D:3)
  7 goblins
  6 hobgoblins
  2 quokkas (D:1)
  3 training dummies (D:4)
  4 frilled lizards
  8 kobolds
  10 rats
78 creatures vanquished.

Notes
Turn   | Place    | Note
-------+----------+-------------------------------------------
     0 | D:1      | Thatpatchoflichen the Draconian Ice Elementalist began the
                  | quest for the Orb.
     0 | D:1      | Reached XP level 1. HP: 14/14 MP: 3/3
    91 | D:1      | Reached XP level 2. HP: 14/22 MP: 5/5
   613 | D:1      | Reached skill level 1 in Fighting
   699 | D:1      | Reached XP level 3. HP: 22/28 MP: 6/6
   778 | D:1      | Reached skill level 1 in Unarmed Combat
  1821 | D:2      | Reached XP level 4. HP: 35/35 MP: 3/7
  2397 | D:2      | Found an opulent altar of Gozag.
  3408 | D:3      | Reached skill level 5 in Ice Magic
  3868 | D:4      | Reached XP level 5. HP: 41/41 MP: 8/8
  4055 | D:4      | Learned a level 3 spell: Frozen Ramparts
  4059 | D:4      | Learned a level 3 spell: Ozocubu's Armour
  4089 | D:4      | Found Pealoew's Firing Range.
  4289 | D:4      | Slain by a wyvern skeleton

Illustrated notes

Levels and vault maps discovered:
D:1:      ebering_trefoil_twist, layout_basic
D:2:      layout_basic, basic_altar, minmay_misc_feat_rows
D:3:      layout_basic
D:4:      layout_basic, chequers_temple_overflow_statue_of_worship,
          nicolae_shop_firing_range

Skill      XL: |  1  2  3  4 |
---------------+-------------+-----
Dodging        | 2 |  2.0
Fighting       | 1 2 |  2.0
Unarmed Combat | 2 |  2.5
Ice Magic      | 5 |  5.1
Short Blades   | |  0.7
Stealth        | |  1.7
Shields        | |  0.2
Spellcasting   | |  2.0

Action                   |  1- 3 |  4- 6 || total
-------------------------+-------+-------++-------
Melee: Unarmed           |   172 |    11 ||   183
       Tailslap          |    15 |    14 ||    29
       Dagger            |       |   106 ||   106
       Punch             |       |     2 ||     2
 Cast: Freeze            |    27 |    14 ||    41
       Ozocubu's Armour  |       |     1 ||     1
       Frozen Ramparts   |       |     1 ||     1
 Stab: Sleeping          |       |     4 ||     4
Armor: Skin              |    61 |    42 ||   103
Dodge: Dodged            |   129 |    63 ||   192
Block: Other             |       |    26 ||    26
       Reflection        |       |     3 ||     3
